 Dungeon Crawl Stone Soup version 0.17-a0-1646-geb1493d (webtiles) character file.

215 Jb9000 the Sneak (level 5, -3/41 HPs)
             Began as a Vampire Fighter on Aug 11, 2015.
             Was an Initiate of Kikubaaqudgha.
             Slain by a crocodile (14 damage)
             ... in a sewer.
             The game lasted 00:17:25 (4121 turns).

Jb9000 the Sneak (Vampire Fighter)                  Turns: 4121, Time: 00:17:25

Health: -3/41      AC:  7    Str: 15    XL:     5   Next: 60%
Magic:  6/6        EV:  8    Int: 12    God:    Kikubaaqudgha [......]
Gold:   256        SH:  9    Dex: 13    Spells: 0 memorised, 6 levels left

rFire  . . .     SeeInvis +     a - +0 long sword
rCold  . . .     Clarity  .     j - +0 ring mail
rNeg   + . .     SustAt   .     c - +0 shield
rPois  .         Gourm    .     k - +0 helmet (curse)
rElec  .         Spirit   .     p - +0 cloak
rCorr  .         Warding  .     (no gloves)
rMut   .         Stasis   .     (no boots)
MR     +....                    (no amulet)
Stlth  ++........               n - ring of protection from magic
                                h - ring of positive energy

@: lethally poisoned (-3 -> -8), regenerating quickly, somewhat resistant to
hostile enchantments, unstealthy
A: fangs 3, see invisible, unbreathing
a: Renounce Religion


You were in a sewer.
You worshipped Kikubaaqudgha.
Kikubaaqudgha was noncommittal.
You were very full.

You visited 1 branch of the dungeon, and saw 4 of its levels.
You also visited: Sewer.

You collected 256 gold pieces.

Inventory:

Hand weapons
 a - a +0 long sword (weapon)
 o - a cursed -2 flail
Missiles
 g - 3 javelins (quivered)
 r - 31 arrows
Armour
 b - a +0 scale mail
 c - a +0 shield (worn)
 j - a +0 ring mail (worn)
 k - a cursed +0 helmet (worn)
 p - a +0 cloak (worn)
Jewellery
 h - a ring of positive energy (left hand)
 n - a ring of protection from magic (right hand)
Scrolls
 m - 2 scrolls of amnesia {unknown}
 q - 2 scrolls of immolation {unknown}
Potions
 d - a potion of might
 e - 4 potions of blood
 f - a potion of haste
 i - a potion of ambrosia {unknown}
 l - a potion of poison
 s - a potion of heal wounds
 u - a potion of curing


   Skills:
 + Level 3.3 Fighting
 + Level 2.6 Long Blades
 + Level 0.5 Throwing
 + Level 2.8 Armour
 + Level 1.5 Dodging
 * Level 3.6 Stealth
 + Level 3.3 Shields
 + Level 1.0 Spellcasting
 * Level 1.0 Necromancy


You had 6 spell levels left.
You didn't know any spells.

Dungeon Overview and Level Annotations

Branches:
Dungeon (4/15)
 Temple: D:4-7

Altars:
Cheibriados
Kikubaaqudgha


Innate Abilities, Weirdness & Mutations

Your natural rate of healing is unusually fast.
You have razor-sharp teeth.
You have supernaturally acute eyesight.
You can survive without breathing.


Message History

You closely miss the crocodile. You bite the crocodile.
The crocodile is lightly wounded.
The crocodile bites you but does no damage.
You hit the crocodile.
The crocodile is lightly wounded.
The crocodile bites you!
You closely miss the crocodile.
The crocodile is lightly wounded.
The crocodile bites you. The crocodile bites you!
* * * LOW HITPOINT WARNING * * *
You barely miss the crocodile.
The crocodile is lightly wounded.
You block the crocodile's attack. You block the crocodile's attack.
Drink which item? (? for menu, Esc to quit)
It was a potion of poison.
That liquid tasted very nasty...
You are poisoned.
You feel sick. The crocodile bites you!
You die...
Kikubaaqudgha rasps: "You have failed me!
Welcome... oblivion!"

#.# #.# #.# #######
#.# ##.....## #.#
##...≈...## #.#
##...≈≈≈...#######.#
#.÷.≈≈≈≈≈.......@t.#
##...≈≈≈...#######.#
##...≈...## #.#
##.....## #.#
####### #.# ... ...
..... .....


You could see a crocodile.

Vanquished Creatures
  An orc wizard (D:3)
  3 gnolls (D:4)
  7 adders
  2 oozes
  2 worms
  3 orcs (D:3)
  15 bats
  8 giant cockroaches
  4 hobgoblins
  10 jackals
  3 giant newts
  12 goblins
  10 kobolds
  9 rats
89 creatures vanquished.

Notes
Turn   | Place    | Note
--------------------------------------------------------------
     0 | D:1      | Jb9000 the Vampire Fighter began the quest for the Orb.
     0 | D:1      | Reached XP level 1. HP: 17/17 MP: 1/1
    30 | D:1      | Reached skill level 1 in Stealth
    90 | D:1      | Reached XP level 2. HP: 9/23 MP: 2/2
   105 | D:1      | HP: 1/23 [jackal (3)]
   988 | D:1      | Reached XP level 3. HP: 26/28 MP: 3/3
  1391 | D:1      | Reached skill level 3 in Fighting
  2479 | D:2      | Reached XP level 4. HP: 33/35 MP: 4/4
  2501 | D:2      | Reached skill level 1 in Dodging
  3028 | D:3      | Found an ancient bone altar of Kikubaaqudgha.
  3043 | D:3      | Became a worshipper of Kikubaaqudgha
  3209 | D:3      | Reached XP level 5. HP: 19/41 MP: 6/6
  3776 | D:4      | Found a snail-covered altar of Cheibriados.
  4006 | D:4      | Found a glowing drain.
  4031 | D:4      | Reached skill level 1 in Necromancy
  4062 | Sewer    | Entered a sewer
  4069 | Sewer    | Reached skill level 1 in Spellcasting
  4121 | Sewer    | Slain by a crocodile

Vault maps used:
D:1:      scummos_arrival_checkerplants
D:2:      due_unseen_surprise
D:3:      nicolae_overflow_crystal_walls
D:4:      lemuel_round_altar, gammafunk_temple_overflow_statue, first_bread,
          gup_sewer_entry_glass
Sewer:    sewer_big_baddie

Action                   |  1- 3 |  4- 6 || total
-------------------------+-------+-------++-------
Melee: Long sword        |   189 |   156 ||   345
  Use: Potion            |     7 |    14 ||    21
       Scroll            |     1 |     2 ||     3
 Stab: Sleeping          |       |     1 ||     1
